[Event "Titled Tuesday Blitz June 13 Early 2023"]
[White "Alice, Mateus Felizardo Viageiro"]
[Black "Lakshmi C"]
[WhiteFideId "14800047"]
[BlackFideId "25035347"]
[WhiteElo "2189"]
[BlackElo "1942"]
[Result "1-0"]
[Round "11"]
[TimeControl "180+2"]
[Date "2023.06.13"]
[WhiteClock "0:00:29"]
[BlackClock "0:00:00"]
[Board "151"]

1. e4 c5 2. Nf3 Nc6 3. Bb5 g6 4. O-O Bg7 5. c3 e5 6. Re1 Nge7 7. h3 a6 8. Ba4 b5 9. Bc2 d5 10. exd5 Qxd5 11. a4 Bb7 12. axb5 axb5 13. Rxa8+ Bxa8 14. Na3 b4 15. Nb5 O-O 16. Nc7 Qd6 17. Nxa8 Rxa8 18. Be4 c4 19. Qe2 Qc5 20. d4 cxd3 21. Qxd3 f5 22. Bxc6 Nxc6 23. cxb4 Nxb4 24. Qb3+ Kh8 25. Ng5 h6 26. Ne6 Qd6 27. Nxg7 Kxg7 28. Rd1 Qe7 29. Bd2 Nc6 30. Bc3 Kh7 31. Qb6 Rc8 32. Qb5 h5 33. Qa6 Rc7 34. f4 exf4 35. Qa8 Kh6 36. Re1 Qc5+ 37. Kh1 Rh7 38. h4 Qd6 39. Qa6 Qc5 40. Qf1 Qd6 41. Qf3 g5 42. hxg5+ Kxg5 43. Rd1 Qc7 44. Rc1 Re7 45. b4 Re3 46. Qd5 1-0


[Site "https://www.chess.com"]

[Event "Titled Tuesday Blitz June 13 Early 2023"]
[White "Alexanian, Nelli"]
[Black "Floresvillar Gonzalez, Luis Migu"]
[WhiteFideId "4170539"]
[BlackFideId "5100542"]
[WhiteElo "2017"]
[BlackElo "2040"]
[Result "0-1"]
[Round "11"]
[TimeControl "180+2"]
[Date "2023.06.13"]
[WhiteClock "0:00:02"]
[BlackClock "0:00:17"]
[Board "152"]

1. d4 d5 2. c4 c6 3. cxd5 cxd5 4. Nc3 Nc6 5. Bf4 Nf6 6. e3 e6 7. Rc1 Bd6 8. Bxd6 Qxd6 9. f4 O-O 10. Nf3 Bd7 11. Bd3 Nb4 12. Bb1 Rac8 13. O-O a6 14. Ne5 Bb5 15. Rf3 g6 16. Rh3 Kg7 17. g4 Nc6 18. Qe1 h6 19. g5 hxg5 20. fxg5 Ne4 21. Bxe4 Nxe5 22. dxe5 Qxe5 23. Bg2 Qxg5 24. Nxb5 axb5 25. Rg3 Qf6 26. Rc3 Qe5 27. e4 d4 28. Rb3 Rfd8 29. Qd2 Rd7 30. Rg5 Qc7 31. Rgxb5 d3 32. Bf1 Qc1 33. Qxc1 Rxc1 34. Rxb7 Rxb7 35. Rxd3 Rxb2 36. a4 Rbb1 37. Rf3 Ra1 0-1